 Dungeon Crawl Stone Soup version 0.18.1-48-g4cf74bf (webtiles) character file.

836 Heedrag the Destroyer (level 7, -3/36 HPs)
             Began as a Deep Elf Conjurer on July 28, 2016.
             Was an Initiate of Vehumet.
             Slain by a centaur (7 damage)
             ... on level 6 of the Dungeon.
             The game lasted 00:10:52 (4865 turns).

Heedrag the Destroyer (Deep Elf Conjurer)           Turns: 4865, Time: 00:10:53

Health: -3/36      AC:  3    Str:  7    XL:     7   Next: 66%
Magic:  14/19      EV: 13    Int: 20    God:    Vehumet [......]
Gold:   163        SH:  0    Dex: 15    Spells: 5 memorised, 2 levels left

rFire  . . .     SeeInvis .     i - +2 short sword (venom)
rCold  . . .     Gourm    .     a - +0 robe
rNeg   . . .     Faith    .     (no shield)
rPois  .         Spirit   .     m - +0 helmet
rElec  .         Dismiss  .     (no cloak)
rCorr  .         Reflect  .     (no gloves)
SustAt +         Harm     .     (no boots)
MR     +....                    (no amulet)
Stlth  ++........               w - ring of sustain attributes
                                g - ring of protection from magic

@: somewhat resistant to hostile enchantments, unstealthy
A: no striking features
a: Renounce Religion


You were on level 6 of the Dungeon.
You worshipped Vehumet.
Vehumet was noncommittal.
You were not hungry.

You visited 2 branches of the dungeon, and saw 7 of its levels.

You collected 163 gold pieces.

Inventory:

Hand Weapons
 e - a +0 dagger
 h - a +2 dagger of electrocution
 i - a +2 short sword of venom (weapon)
Armour
 a - a +0 robe (worn)
 m - a +0 helmet (worn)
Jewellery
 g - a ring of protection from magic (left hand)
 w - a ring of sustain attributes (right hand)
Wands
 y - a wand of polymorph (18/24)
 A - a wand of enslavement (16/24)
 C - a wand of teleportation (3/9)
Scrolls
 d - 4 scrolls of identify {unknown}
 j - 3 scrolls of fear {unknown}
 k - 3 scrolls of enchant weapon {unknown}
 n - 4 scrolls of immolation {unknown}
 o - a scroll of recharging {unknown}
 p - a scroll of magic mapping {unknown}
 r - a scroll of noise {unknown}
 s - 2 scrolls of enchant armour {unknown}
 t - 2 scrolls of remove curse {unknown}
 B - a scroll of teleportation {unknown}
Potions
 f - 2 potions of resistance {unknown}
 l - a potion of agility {unknown}
 q - 2 potions of might {unknown}
 u - a potion of curing {unknown}
 v - 2 potions of cancellation {unknown}
 x - a potion of cure mutation {unknown}
 z - 2 potions of haste {unknown}
Books
 b - a book of Conjurations

   Spells                             Type                      Level
   a - Magic Dart                     Conjuration                  1
   b - Searing Ray                    Conjuration                  2
   c - Dazzling Spray                 Conjuration/Hexes            3
   d - Fulminant Prism                Conjuration/Hexes            4
   e - Iskenderun's Mystic Blast      Conjuration                  4
   f - Iskenderun's Battlesphere      Conjuration/Charms           5
 D - a book of Necromancy

   Spells                             Type                      Level
   a - Pain                           Necromancy                   1
   b - Animate Skeleton               Necromancy                   1
   c - Vampiric Draining              Necromancy                   3
   d - Regeneration                   Charms/Necromancy            3
   e - Animate Dead                   Necromancy                   4
   f - Control Undead                 Necromancy                   4
Comestibles
 c - 3 bread rations
 E - 5 chunks of flesh
 F - a slice of pizza


   Skills:
 - Level 2.4 Dodging
 - Level 2.4 Stealth
 + Level 6.7 Spellcasting
 * Level 8.8 Conjurations
 + Level 3.0 Charms


You had 2 spell levels left.
You knew the following spells:

 Your Spells              Type           Power        Failure   Level  Hunger
a - Magic Dart            Conj           ####         1%          1    None
b - Dazzling Spray        Conj/Hex       ###...       6%          3    #......
c - Iskenderun's Mystic   Conj           #####...     2%          4    ###....
d - Iskenderun's Battles  Conj/Chrm      ####....     24%         5    #####..
e - Fulminant Prism       Conj/Hex       ###.......   17%         4    ###....


Dungeon Overview and Level Annotations

Branches:
Dungeon (6/15)             Temple (1/1) D:6

Altars:
Ashenzari
Dithmenos
Fedhas
Gozag
Kikubaaqudgha
Makhleb
Nemelex Xobeh
Okawaru
Pakellas
Ru
Trog
Vehumet
Xom
Yredelemnul
The Shining One

Annotations:
D:4 Edmund
D:5 Dowan, Duvessa


Message History

Tha centaur closely misses ye.
Tha centaur hits ye.
Castin': Magic Dart Confirm wit' . or Enter, or press ? or * ta list all spells.
Aimin': Magic Dart
Press: ? - help, Shift-Dir - straight line, f/p - centaur
Aim: a centaur (lightly wounded) Tha magic dart hits tha centaur.
Tha centaur be moderately wounded.
Tha centaur hits ye.
Castin': Magic Dart Confirm wit' . or Enter, or press ? or * ta list all spells.
Aimin': Magic Dart
Press: ? - help, Shift-Dir - straight line, f/p - centaur
Aim: a centaur (lightly wounded) Tha magic dart hits tha centaur.
Tha centaur be heavily wounded.
Tha centaur hits ye!
* * * LOW HITPOINT WARNIN'
* * * Tha centaur hits ye!
Ye die...

######### # ........#
.# ## #.......###.###
##.. ......?......
#..# #+ #...........
#..# #.# #..†.cJ.....
..# #.# #...@# ..+ ._.
+...(# #####.# ###
#....# ......# ###
#....#
#####.#######....###.
.....................
##.####.#.#.#.######.#
##.#......#.#.#
##.#......#.#.#


You could see a centaur and a jelly.

Vanquished Creatures
  An ice beast (D:5)
  An ogre (D:4)
  A giant frog (D:6)
  A water moccasin skeleton (D:4)
  A scorpion (D:4)
  2 howler monkeys (D:5)
  A hound (D:4)
  4 iguanas
  4 worker ants
  Robin (D:3)
  3 river rats (D:4)
  3 adders
  2 oozes (D:4)
  An adder skeleton (D:4)
  A worm (D:6)
  3 dart slugs
  6 giant geckos
  3 orcs
  4 giant cockroaches
  11 goblins
  12 hobgoblins
  10 jackals
  2 quokkas
  2 ball pythons
  6 bats
  A giant gecko skeleton (D:6)
  6 giant newts
  11 kobolds
  13 rats
117 creatures vanquished.

Vanquished Creatures (others)
  A goblin (D:3)
1 creature vanquished.

Grand Total: 118 creatures vanquished

Notes
Turn   | Place    | Note
--------------------------------------------------------------
     0 | D:1      | Heedrag the Deep Elf Conjurer began the quest for the Orb.
     0 | D:1      | Reached XP level 1. HP: 10/10 MP: 6/6
   161 | D:1      | Reached XP level 2. HP: 5/15 MP: 6/8
   538 | D:1      | Reached skill level 5 in Conjurations
   768 | D:1      | Reached XP level 3. HP: 19/19 MP: 5/10
   784 | D:1      | Learned a level 3 spell: Dazzling Spray
  1567 | D:3      | Noticed Robin
  1577 | D:3      | Killed Robin
  1658 | D:3      | Reached XP level 4. HP: 22/24 MP: 7/12
  1731 | D:3      | Found a faded altar to an unknown god.
  1744 | D:3      | Found an oddly glowing altar of Pakellas.
  1960 | D:3      | Reached skill level 6 in Conjurations
  2109 | D:3      | Learned a level 4 spell: Iskenderun's Mystic Blast
  2287 | D:3      | Reached XP level 5. HP: 28/28 MP: 8/14
  2307 | D:3      | Learned a level 4 spell: Fulminant Prism
  2340 | D:3      | Found an iron altar of Okawaru.
  2362 | D:3      | Found an opulent altar of Gozag.
  2658 | D:4      | Reached skill level 5 in Spellcasting
  2817 | D:4      | Reached skill level 7 in Conjurations
  2819 | D:4      | Noticed an ogre
  2824 | D:4      | Killed an ogre
  2824 | D:4      | Reached XP level 6. HP: 29/32 MP: 0/16
  3179 | D:4      | Noticed Edmund
  3683 | D:4      | Learned a level 5 spell: Iskenderun's Battlesphere
  3757 | D:4      | Reached skill level 8 in Conjurations
  3824 | D:4      | Reached XP level 7. HP: 32/36 MP: 12/18
  3832 | D:5      | Entered Level 5 of the Dungeon
  3878 | D:5      | Reached skill level 1 in Charms
  4508 | D:5      | Noticed Duvessa
  4508 | D:5      | Noticed Dowan
  4734 | D:6      | Found a sparkling altar of Nemelex Xobeh.
  4774 | D:6      | Found a staircase to the Ecumenical Temple.
  4792 | Temple   | Entered the Ecumenical Temple
  4797 | Temple   | Became a worshipper of Vehumet
  4865 | D:6      | Slain by a centaur

Skill      XL: |  1  2  3  4  5  6  7 |
---------------+----------------------+-----
Conjurations   | 5 6 7 8 |  8.8
Spellcasting   | 4 5 6 |  6.7
Charms         | 3 |  3.0
Dodging        | |  2.4
Stealth        | |  2.4

Action                   |  1- 3 |  4- 6 |  7- 9 || total
-------------------------+-------+-------+-------++-------
Melee: Dagger            |    10 |       |       ||    10
       Unarmed           |     3 |       |       ||     3
       Short sword       |    28 |    47 |    18 ||    93
 Cast: Magic Dart        |    65 |   109 |    38 ||   212
       Dazzling Spray    |       |    12 |     6 ||    18
       Iskenderun's Myst |       |       |     2 ||     2
 Stab: Sleeping          |     2 |       |       ||     2
       Invisible         |       |     1 |     4 ||     5
  Eat: Chunk             |     2 |     7 |     4 ||    13
Armor: Robe              |    13 |     7 |     4 ||    24
Dodge: Dodged            |    44 |    48 |    20 ||   112
